 Dungeon Crawl Stone Soup version 0.19-a0-958-gd69d43c (webtiles) character file.

19 Arkorax the Grasshopper (level 2, -3/27 HPs)
             Began as a Naga Warper on July 11, 2016.
             Slain by a kobold
             ... wielding a +1 dagger of electrocution
              (12 damage)
             ... on level 1 of the Dungeon.
             The game lasted 00:01:01 (967 turns).

Arkorax the Grasshopper (Naga Warper)                Turns: 967, Time: 00:01:02

Health: -3/27      AC:  5    Str: 13    XL:     2   Next: 75%
Magic:  5/5        EV:  4    Int: 13    God:
Gold:   49         SH:  0    Dex: 10    Spells: 1 memorised, 4 levels left

rFire  . . .     SeeInvis +     a - +0 hand axe
rCold  . . .     Gourm    .     g - +0 chain mail
rNeg   . . .     Faith    .     (no shield)
rPois  +         Spirit   .     (no helmet)
rElec  .         Dismiss  .     (no cloak)
rCorr  .         Reflect  .     (no gloves)
SustAt .         Harm     .     (no barding)
MR     .....                    (no amulet)
Stlth  ..........               (no ring)
                                (no ring)

@: very slow, not resistant to hostile enchantments, extremely unstealthy
A: see invisible, deformed body, poison resistance, slowness 2, slow metabolism
1, spit poison 2, AC +0
a: Spit Poison


You were on level 1 of the Dungeon.
You were not hungry.

You visited 1 branch of the dungeon, and saw 1 of its levels.

You collected 49 gold pieces.

Inventory:

Hand Weapons
 a - a +0 hand axe (weapon)
Missiles
 e - 5 tomahawks of dispersal (quivered)
 k - 6 tomahawks
Armour
 b - a +0 leather armour
 g - a +0 chain mail (worn)
Scrolls
 d - a scroll of blinking
 h - a scroll of identify {unknown}
Potions
 i - a potion of curing {unknown}
Books
 c - a book of Spatial Translocations

   Spells                             Type                      Level
   a - Apportation                    Translocation                1
   b - Blink                          Translocation                2
   c - Shroud of Golubria             Charms/Translocation         2
   d - Portal Projectile              Translocation                3
   e - Teleport Other                 Translocation                3
   f - Passage of Golubria            Translocation                4
Comestibles
 f - 2 bread rations
 j - a meat ration
 l - a slice of pizza


   Skills:
 + Level 2.5 Fighting
 + Level 2.1 Axes
 - Level 0.8 Throwing
 + Level 1.5 Armour
 - Level 1.5 Dodging
 - Level 2.0 Spellcasting
 - Level 3.0 Translocations


You had 4 spell levels left.
You knew the following spells:

 Your Spells              Type           Power        Failure   Level  Hunger
a - Apportation           Tloc           #.........   99%         1    ##.....


Dungeon Overview and Level Annotations

Branches:
Dungeon (1/15)

Altars:


Innate Abilities, Weirdness & Mutations

You cannot wear boots.
Your serpentine skin is tough. (AC +0)
You have supernaturally acute eyesight. (SInv)
Armour fits poorly on your strangely shaped body.
Your system is resistant to poisons. (rPois)
You cover ground very slowly.
You have a slow metabolism.
You can spit poison.


Message History

You barely miss the hobgoblin.
The hobgoblin hits you but does no damage.
A hobgoblin is nearby!
You slash the hobgoblin!
You kill the hobgoblin!
Key pressed, stopping explore.
No target in view!
A kobold comes into view.
It is wielding a dagger of electrocution.
The kobold shouts!
A kobold is nearby!
You miss the kobold. The kobold hits you but does no damage.
A kobold is nearby!
You closely miss the kobold. The kobold hits you but does no damage.
You are electrocuted!
Ouch! That really hurt!
The kobold hits you but does no damage.
A kobold is nearby!
You barely miss the kobold. The kobold hits you but does no damage.
You are electrocuted!
You die...

........#######....##............
........##.........##............
........##.........##............
#........#.........##............
####.................#####.......
####.....................#.#.....
...#.......................#..##.
...####........#K...........#.##.
...# ###......#@...........#>...
...#####......##.....[........##.
..#..............................
..#..........).........#......##.
..#....................#......##.
###....................#......##.
#.............>...####......##.
#...........................##.
#........#.....................


You could see a kobold.

Vanquished Creatures
  A dart slug (D:1)
  3 bats (D:1)
  2 giant cockroaches (D:1)
  5 hobgoblins (D:1)
  A kobold (D:1)
  2 giant newts (D:1)
  A rat (D:1)
15 creatures vanquished.

Notes
Turn   | Place    | Note
-------+----------+-------------------------------------------
     0 | D:1      | Arkorax the Naga Warper began the quest for the Orb.
     0 | D:1      | Reached XP level 1. HP: 19/19 MP: 3/3
   129 | D:1      | Reached skill level 1 in Armour
   441 | D:1      | Reached XP level 2. HP: 24/26 MP: 5/5
   967 | D:1      | Slain by a kobold

Vault maps used:
D:1:      wheals_arrival_shading, minmay_statues_item

Skill      XL: |  1 |
---------------+----+-----
Armour         | 1 |  1.5
Fighting       | |  2.5
Axes           | |  2.1
Throwing       | |  0.8
Dodging        | |  1.5
Spellcasting   | |  2.0
Translocations | |  3.0

Action                   || total
-------------------------++-------
Melee: Hand axe          ||    65
 Abil: Spit Poison       ||     2
Armor: Chain mail        ||    48
Dodge: Dodged            ||     8
